 Dungeon Crawl Stone Soup version 0.27-a0-512-g57cc695410 (webtiles) character file.

Game seed: 7052080671512910491

37 siradein the Skirmisher (level 3, 0/37 HPs)
             Began as an Ogre Hunter on Mar 3, 2021.
             Slain by an adder (5 damage)
             ... on level 2 of the Dungeon.
             The game lasted 00:02:17 (1654 turns).

siradein the Skirmisher (Ogre Hunter)               Turns: 1654, Time: 00:02:18

Health: 0/37       AC:  3    Str: 16    XL:     3   Next: 39%
Magic:  3/3        EV: 10    Int: 12    God:
Gold:   37         SH:  0    Dex: 10    Spells: 2/2 levels left

rFire    . . .     SeeInvis .   b - +0 club
rCold    . . .     Faith    .   (no shield)
rNeg     . . .     Spirit   .   c - +0 robe
rPois    .         Reflect  .   (helmet restricted)
rElec    .         Harm     .   (no cloak)
rCorr    .         Rampage  .   (gloves unavailable)
Will     .....                  (boots unavailable)
Stlth    +.........             (no amulet)
HPRegen  0.12/turn              (no ring)
MPRegen  0.08/turn              (no ring)

@: lethally poisoned (0 -> -4)
A: large, unfitting armour, tough skin 1
a: no special abilities


You were on level 2 of the Dungeon.
You visited 1 branch of the dungeon, and saw 2 of its levels.

You collected 37 gold pieces.

Inventory:

Hand Weapons
 a - a +1 hand crossbow
 b - a +0 club (weapon)
Missiles
 d - 20 bolts
Armour
 c - a +0 robe (worn)
Scrolls
 e - 3 scrolls of amnesia {unknown}
 g - 2 scrolls of identify {unknown}
Potions
 f - a potion of magic {unknown}


   Skills:
 + Level 3.6 Fighting
 + Level 0.4 Maces & Flails
 + Level 3.3 Crossbows
 - Level 2.2 Dodging
 - Level 0.6 Stealth


You had 2 spell levels left.
You didn't know any spells.
Your spell library was empty.

Dungeon Overview and Level Annotations

Branches:
Dungeon (2/15)

Altars:


Innate Abilities, Weirdness & Mutations

You are too large for most types of armour.
You have tough skin. (AC +1)


Message History

You hit the adder.
The adder is lightly wounded.
The adder closely misses you. The adder barely misses you.
You hit the adder.
The adder is heavily wounded.
You feel sick. The adder barely misses you. x2
You barely miss the adder.
The adder is moderately wounded.
The adder bites you.
* * * LOW HITPOINT WARNING * * *
You miss the adder.
The adder is moderately wounded.
You feel sick. The adder bites you but does no damage.
The adder closely misses you.
You barely miss the adder.
The adder is moderately wounded.
The adder barely misses you. The adder closely misses you.
You miss the adder.
The adder is moderately wounded.
The adder closely misses you. The adder bites you.
* * * LOW HITPOINT WARNING * * *
You are more poisoned.
The adder poisons you!
You closely miss the adder.
The adder is moderately wounded.
* * * LOW HITPOINT WARNING * * *
You feel sick. The adder barely misses you.
You closely miss the adder.
The adder is moderately wounded.
* * * LOW HITPOINT WARNING * * *
You feel sick.
The adder bites you but does no damage. x2
You hit the adder but do no damage.
The adder is moderately wounded.
* * * LOW HITPOINT WARNING * * *
You feel sick. The adder barely misses you.
The adder bites you but does no damage.
You closely miss the adder.
The adder is moderately wounded.
The adder bites you.
You die...

#### #.# ..#
#.# ... ... #l#
#.###########
#S#
#.##.........
#@#
#.#.#.#######
#.# #.#.#.....#
#.###...#..[#.#
#(..)......<..#
#######.#.#####
...#...
#########


You could see an adder and a frilled lizard.

Vanquished Creatures
  A gnoll (D:1)
  2 oozes (D:1)
  A dart slug (D:2)
  A giant cockroach (D:1)
  4 goblins (D:1)
  A hobgoblin (D:1)
  3 jackals (D:1)
  2 bats (D:1)
  A kobold (D:1)
  A rat (D:1)
17 creatures vanquished.

Notes
Turn   | Place    | Note
-------+----------+-------------------------------------------
     0 | D:1      | siradein the Ogre Hunter began the quest for the Orb.
     0 | D:1      | Reached XP level 1. HP: 22/22 MP: 1/1
   208 | D:1      | Reached XP level 2. HP: 12/31 MP: 2/2
  1026 | D:1      | Reached XP level 3. HP: 34/37 MP: 3/3
  1654 | D:2      | Slain by an adder

Illustrated notes

Levels and vault maps discovered:
D:1:      dpeg_arrival_rooms_a, layout_basic
D:2:      layout_basic, grunt_ministairs_8

Skill      XL: |  1 |
---------------+----+-----
Crossbows      | 3 |  3.3
Fighting       | 3 |  3.6
Dodging        | 2 |  2.2
Maces & Flails | |  0.4
Stealth        | |  0.6

Action                   || total
-------------------------++-------
Melee: Short sword       ||    38
       Hand axe          ||    15
       Club              ||    41
 Stab: Sleeping          ||     1
Armor: Robe              ||    42
Dodge: Dodged            ||    96

Table legend: (Time is in decaauts)
 A = Elapsed time spent in this place.
 B = Non-inter-level travel time spent in this place.
 C = Inter-level travel time spent in this place.
 D = Time resting spent in this place.
 E = Time spent auto-exploring this place.
 F = Levels seen in this place.
 G = Mean time per level.
                   A        B        C        D        E       F      G
               +--------+--------+--------+--------+--------+-----+--------+
         Total |   1672 |   1627 |     45 |      0 |   1434 |   2 |  836.0 |
       Dungeon |   1672 |   1627 |     45 |      0 |   1434 |   2 |  836.0 |
               +--------+--------+--------+--------+--------+-----+--------+

Top non-repeatable levels by time:
     D:1: 1619 daAuts
     D:2: 52 daAuts
